 Dungeon Crawl Stone Soup version 0.30-a0-779-g7971cf19c3 (webtiles) character file.

Game seed: 15921910727144767037

46 dolemite99 the Trooper (level 3, -1/29 HPs)
             Began as a Demonspawn Fighter on Feb 18, 2023.
             Was a Follower of Fedhas.
             Slain by Sigmund
             ... wielding a +1 vampiric scythe
              (3 damage)
             ... on level 2 of the Dungeon.
             The game lasted 00:01:43 (866 turns).

dolemite99 the Trooper (Demonspawn Fighter)          Turns: 866, Time: 00:01:44

Health: -1/29      AC:  6    Str: 18    XL:     3   Next: 44%
Magic:  3/3        EV:  6    Int:  9    God:    Fedhas [*.....]
Gold:   95         SH:  4    Dex: 12    Spells: 2/2 levels left

rFire   . . .      SeeInvis .      - Unarmed
rCold   . . .      Faith    .    c - +0 buckler
rNeg    . . .      Spirit   .    b - +0 scale mail
rPois   .          Reflect  .    (no helmet)
rElec   .          Harm     .    (no cloak)
rCorr   .          Rampage  .    (no gloves)
Will    .....                    (no boots) Stlth
                                 (no amulet)
HPRegen 0.24/turn                (no ring)
MPRegen 0.08/turn                (no ring)

@: brilliant, constricted
A: claws 1
a: Renounce Religion


You were on level 2 of the Dungeon.
You worshipped Fedhas.
Fedhas was aware of your devotion.
You visited 1 branch of the dungeon, and saw 2 of its levels.

You collected 95 gold pieces.

Inventory:

Hand Weapons
 a - a +1 war axe of venom
Armour
 b - a +0 scale mail (worn)
 c - a +0 buckler (worn)
Scrolls
 i - a scroll of blinking {unknown}
 j - a scroll of brand weapon
 l - a scroll of teleportation
Potions
 d - a potion of lignification {unknown}
 e - 3 potions of brilliance
 g - 2 potions of curing {unknown}


   Skills:
 - Level 3.0 Fighting
 - Level 2.5 Axes
 - Level 2.6 Armour
 - Level 2.6 Shields
 + Level 2.2 Unarmed Combat


You had 2 spell levels left.
You didn't know any spells.
Your spell library was empty.

Dungeon Overview and Level Annotations

Branches:
Dungeon (2/15)

Altars:
Fedhas

Shops:
D:1 (

Annotations:
D:2 Sigmund


Innate Abilities, Weirdness & Mutations

You have sharp fingernails.


Message History

You now have 95 gold pieces (gained 5).
Sigmund the Dreaded comes into view.
He is wielding a +1 vampiric scythe.
You see here 13 gold pieces.
An adder comes into view.
The adder hisses angrily.
A ball python comes into view.
Sigmund hits you with a +1 vampiric scythe!
You are too injured to fight recklessly!
Okay, then.
As you read the scroll labelled DEOL BUXKOI, it crumbles to dust.
It is a scroll of enchant weapon.
Your +0 war axe glows red for a moment.
You block the adder's attack.
As you read the scroll labelled KICZIZX ARHUTZ, it crumbles to dust.
It is a scroll of brand weapon.
Your +1 war axe drips with poison.
a - a +1 war axe of venom The adder completely misses you.
Sigmund casts a spell at you. The puff of flame hits you.
As you read the scroll labelled JEOCOKH FOESCH, it crumbles to dust.
Your body is wracked with pain!
Sigmund convulses!
The adder convulses!
It was a scroll of torment.
The adder barely misses you. Sigmund gestures at you while chanting.
You resist with significant effort. The adder bites you but does no damage.
As you read the scroll labelled DAEPNACLYJ, it crumbles to dust.
It is a scroll of identify.
l - a scroll of teleportation Sigmund hits you with a +1 vampiric scythe!
* * * LOW HITPOINT WARNING * * *
Sigmund draws strength from your wounds!
You block the adder's attack. The ball python barely misses you.
The ball python completely misses you.
It was a potion of brilliance.
You feel clever all of a sudden. The adder barely misses you.
The ball python closely misses you. The ball python grabs you.
The ball python constricts you.
Sigmund hits you with a +1 vampiric scythe.
You die...
Fedhas appreciates your contribution to the ecosystem.

............... #.###
#######)... #.# #####
#.# #.# #.# #.# #
##.###.# ...###...##.#
......S...#.# ######
......@@..#.#######.....
#####.S...#............#
#.....$.........####
#...############# #####


You could see Sigmund, an adder and a ball python.

Vanquished Creatures
  A gnoll (D:1)
  2 dart slugs (D:1)
  4 ball pythons (D:1)
  2 giant cockroaches (D:1)
  2 hobgoblins
  4 jackals (D:1)
  2 quokkas (D:1)
  3 bats (D:1)
  8 frilled lizards (D:1)
  3 kobolds (D:1)
  A rat (D:1)
32 creatures vanquished.

Notes
Turn   | Place    | Note
-------+----------+-------------------------------------------
     0 | D:1      | dolemite99 the Demonspawn Fighter began the quest for the
                  | Orb.
     0 | D:1      | Reached XP level 1. HP: 18/18 MP: 1/1
    79 | D:1      | Gained mutation: You have sharp fingernails. [demonic
                  | ancestry]
    79 | D:1      | Reached XP level 2. HP: 24/24 MP: 2/2
   139 | D:1      | Reached skill level 1 in Unarmed Combat
   226 | D:1      | Reached XP level 3. HP: 29/29 MP: 3/3
   312 | D:1      | Found a faded altar of an unknown god.
   313 | D:1      | Found Dioniy's Weapon Emporium.
   337 | D:1      | Prayed at the altar of an unknown god.
   337 | D:1      | Became a worshipper of Fedhas Madash
   337 | D:1      | Reached * piety under Fedhas
   858 | D:2      | Noticed Sigmund
   865 | D:2      | HP: 1/29 [Sigmund/+1 vampiric scythe (8)]
   866 | D:2      | Slain by Sigmund

Illustrated notes

Levels and vault maps discovered:
D:1:      eino_arrival_tree_alley, layout_rooms, serial_rivers,
          chequers_serial_rivers_small_a, chequers_serial_rivers_large_a,
          chequers_serial_rivers_room_a, chequers_serial_rivers_small_3,
          chequers_serial_rivers_marsh, basic_ecumenical_altar, serial_shops,
          shop, minmay_lizard_pond
D:2:      minmay_alternating_diamond, layout_loops_ring, uniq_sigmund

Skill      XL: |  1  2  3 |
---------------+----------+-----
Axes           | 2 |  2.5
Unarmed Combat | 1 2 |  2.2
Fighting       | |  3.0
Armour         | |  2.6
Shields        | |  2.6

Action                     || total
---------------------------++-------
  Melee: War axe           ||    17
         Unarmed           ||    79
    Use: Potion            ||     2
         Scroll            ||     4
 Armour: Scale mail        ||    50
  Dodge: Dodged            ||    52
  Block: Buckler           ||    23

Table legend: (Time is in decaauts)
 A = Elapsed time spent in this place.
 B = Non-inter-level travel time spent in this place.
 C = Inter-level travel time spent in this place.
 D = Time resting spent in this place.
 E = Time spent auto-exploring this place.
 F = Levels seen in this place.
 G = Mean time per level.
                   A        B        C        D        E       F      G
               +--------+--------+--------+--------+--------+-----+--------+
         Total |    893 |    872 |     21 |      0 |    577 |   2 |  446.5 |
       Dungeon |    893 |    872 |     21 |      0 |    577 |   2 |  446.5 |
               +--------+--------+--------+--------+--------+-----+--------+

Top non-repeatable levels by time:
     D:1: 751 daAuts
     D:2: 142 daAuts
